Map: Dusk Towers

Players

ArT

  • Race: Protoss Protoss
  • League: Grandmaster

Miszu - Winner!

  • Race: Terran Terran
  • League: Master

VOD

Have the link to the VOD?

Description

Time

  • Played on: March 22, 2016, 4:38 p.m.
  • Length: 16:33
Show
View Real Time Build Order
Export as new Build Order

ArT Protoss 

Build Orders: 1 Gate Expand, Oracle Opening 

Get SALT Encoding   

  12  0:01  Probe (Chrono Boost)  
  13  0:11  Probe (Chrono Boost)  
  14  0:18  Pylon  
  14  0:23  Probe (Chrono Boost)  
  15  0:36  Probe (Chrono Boost)  
  15  0:37  Gateway  
  16  0:44  Assimilator  
  16  0:47  Probe (Chrono Boost)  
  17  0:58  Probe (Chrono Boost)  
  18  1:08  Probe (Chrono Boost)  
  19  1:25  Nexus  
  19  1:31  Cybernetics Core  
  19  1:34  Probe (Chrono Boost)  
  19  1:39  Assimilator  
  20  1:44  Probe (Chrono Boost)  
  21  1:51  Pylon  
  21  1:55  Probe (Chrono Boost)  
  22  2:05  Probe (Chrono Boost)  
  22  2:07  Warp Gate  
  23  2:09  Adept (Chrono Boost)  
  25  2:17  Probe  
  25  2:22  Stargate  
  26  2:29  Probe (Chrono Boost)  
  27  2:33  Adept  
  27  2:36  Probe (Chrono Boost)  
  30  2:40  Probe (Chrono Boost)  
  31  2:47  Probe (Chrono Boost)  
  31  2:51  Probe (Chrono Boost)  
  33  2:57  Probe (Chrono Boost)  
  34  3:03  Probe (Chrono Boost)  
  35  3:05  Oracle (Chrono Boost)  
  35  3:06  Probe  
  39  3:14  Probe  
  39  3:17  Probe  
  41  3:24  Nexus  
  41  3:28  Pylon  
  41  3:29  Probe x2 (Chrono Boost)  
  43  3:37  Oracle (Chrono Boost)  
  46  3:45  Probe (Chrono Boost)  
  46  3:46  Probe (Chrono Boost)  
  48  3:50  Pylon  
  48  3:53  Gateway  
  48  3:56  Probe  
  48  3:58  Mothership Core  
  48  4:00  Assimilator  
  51  4:02  Assimilator  
  51  4:06  Probe  
  52  4:17  Probe  
  52  4:19  Probe (Chrono Boost)  
  54  4:29  Probe (Chrono Boost)  
  55  4:31  Probe (Chrono Boost)  
  55  4:33  Forge  
  55  4:36  Twilight Council  
  55  4:38  Pylon  
  56  4:40  Adept, Probe (Chrono Boost)  
  56  4:42  Probe (Chrono Boost)  
  60  4:46  Probe (Chrono Boost)  
  60  4:49  Adept  
  60  4:50  Probe (Chrono Boost)  
  65  4:52  Probe (Chrono Boost)  
  65  4:54  Protoss Ground Armor Level 1 (Chrono Boost)  
  65  4:56  Void Ray  
  65  4:57  Probe (Chrono Boost)  
  70  5:00  Probe (Chrono Boost)  
  70  5:03  Probe (Chrono Boost)  
  70  5:06  Probe (Chrono Boost)  
  69  5:07  Resonating Glaives (Chrono Boost)  
  69  5:11  Probe  
  71  5:15  Probe  
  71  5:17  Templar Archives  
  71  5:19  Gateway, Probe  
  73  5:22  Pylon  
  73  5:23  Probe  
  73  5:27  Probe  
  75  5:32  Probe  
  75  5:33  Pylon  
  76  5:36  Pylon  
  76  5:39  Void Ray  
  76  5:41  Assimilator  
  76  5:42  Assimilator  
  80  5:46  Probe x2  
  80  5:48  Adept x2, Probe  
  80  5:49  Psionic Storm  
  87  5:58  Probe x2  
  87  6:01  Probe  
  90  6:10  Probe  
  91  6:15  High Templar x2, Gateway  
  91  6:17  Photon Cannon  
  95  6:19  Photon Cannon  
  95  6:21  Probe x2  
  95  6:24  High Templar  
  99  6:30  Nexus  
  99  6:32  Pylon  
  99  6:43  Stargate  
  99  6:45  Fleet Beacon  
  99  6:46  Probe x2 (Chrono Boost)  
  101  6:47  Pylon  
  101  6:52  Stargate  
  101  6:59  Probe (Chrono Boost)  
  102  7:05  Protoss Air Weapons Level 1, Protoss Ground Weapons Level 1  
  103  7:08  Probe (Chrono Boost)  
  103  7:09  Probe (Chrono Boost)  
  103  7:10  Probe (Chrono Boost)  
  103  7:12  Photon Cannon  
  103  7:15  Photon Cannon  
  105  7:19  Photon Cannon  
  105  7:22  Pylon  
  105  7:24  Probe x2 (Chrono Boost)  
  105  7:27  High Templar  
  109  7:34  Assimilator  
  109  7:35  Tempest (Chrono Boost)  
  113  7:37  Tempest (Chrono Boost)  
  113  7:38  Assimilator  
  117  7:47  Gateway  
  117  7:48  Gateway  
  117  7:55  Tempest (Chrono Boost)  
  117  7:56  Adept  
  117  7:57  Adept x2  
  127  8:13  Adept  
  127  8:14  Tempest (Chrono Boost)  
  127  8:18  Adept x3  
  138  8:26  Tempest (Chrono Boost)  
  142  8:36  Probe  
  142  8:40  Pylon  
  142  8:41  Pylon  
  143  8:46  Probe  
  143  8:47  Probe x2  
  145  8:48  Probe  
  147  8:56  Nexus  
  147  8:59  Tempest (Chrono Boost)  
  147  9:01  Tempest (Chrono Boost)  
  155  9:05  Pylon x2  
  155  9:08  Pylon  
  155  9:09  Probe  
  155  9:11  Assimilator  
  155  9:15  Tempest (Chrono Boost)  
  155  9:16  Assimilator  
  156  9:19  Photon Cannon  
  156  9:20  Probe  
  156  9:21  Protoss Air Weapons Level 2 (Chrono Boost), Protoss Shields Level 1, Photon Cannon  
  161  9:38  Tempest  
  161  9:39  Robotics Facility  
  161  9:42  Photon Cannon  
  161  9:43  Photon Cannon  
  161  9:45  Photon Cannon  
  165  9:47  Photon Cannon  
  165  9:48  Photon Cannon  
  165  9:53  Photon Cannon  
  162  10:03  High Templar  
  162  10:04  High Templar x3  
  166  10:22  Carrier (Chrono Boost)  
  166  10:23  Pylon  
  166  10:24  Carrier (Chrono Boost), Photon Cannon  
  166  10:26  Photon Cannon  
  166  10:27  Photon Cannon  
  178  10:28  Photon Cannon  
  178  10:30  Pylon, Assimilator  
  178  10:35  Graviton Catapult  
  184  10:36  Carrier (Chrono Boost)  
  184  10:39  Observer  
  185  10:54  Pylon  
  185  10:57  Charge  
  185  11:00  Gateway  
  185  11:02  Gateway  
  187  11:05  Gateway, Observer (Chrono Boost)  
  186  11:21  Gateway  
  186  11:23  Stargate  
  186  11:24  Protoss Shields Level 2  
  186  11:41  Carrier (Chrono Boost), Photon Cannon  
  186  11:42  Photon Cannon  
  186  11:43  Carrier (Chrono Boost)  
  197  11:47  Pylon  
  197  12:02  Protoss Air Weapons Level 3, Pylon  
  187  12:26  Observer  
  187  12:27  Carrier x2 (Chrono Boost)  
  188  12:37  Blink  
  185  12:47  High Templar x4  
  185  12:49  Adept x3  
  199  12:52  Archon x2  
  199  13:13  Archon x2  
  195  13:24  High Templar x2  
  197  14:04  Pylon  
  197  14:10  Gateway  
  197  14:12  Gateway  
  197  14:14  Gateway x2  
  197  14:19  Gateway, Stargate  
  191  14:26  Nexus, Carrier (Chrono Boost)  
  191  14:27  High Templar  
  191  14:28  Pylon  
  199  14:45  Photon Cannon  
  199  14:46  Photon Cannon  
  199  14:47  Pylon  
  199  14:49  Pylon x2  
  199  14:52  Pylon, Photon Cannon  
  199  14:53  Photon Cannon  
  199  14:56  Assimilator  
  194  15:01  Assimilator  
  185  15:09  Carrier (Chrono Boost)  
  185  15:10  Photon Cannon  
  185  15:12  Photon Cannon  
  185  15:13  Photon Cannon  
  197  15:15  Photon Cannon  
  197  15:16  Photon Cannon x2  
  197  15:18  Photon Cannon x2  
  197  15:19  Adept  
  197  15:20  Carrier (Chrono Boost), Photon Cannon  
  199  15:21  Photon Cannon  
  199  15:22  Photon Cannon  
  199  15:24  Photon Cannon  
  192  15:33  Archon x2  
  180  15:36  High Templar x2, Adept x2  
  180  15:37  Adept x2  
Show
View Real Time Build Order
Export as new Build Order

Miszu Terran - Winner!

Build Orders: Command Center First (CC), MMM Bio 

Get SALT Encoding   

  12  0:02  SCV  
  14  0:14  SCV  
  14  0:18  Supply Depot  
  14  0:26  SCV  
  15  0:40  SCV  
  16  0:52  SCV  
  17  1:00  Command Center  
  17  1:04  SCV  
  18  1:16  SCV  
  18  1:18  Barracks  
  19  1:28  SCV  
  19  1:30  Barracks  
  20  1:41  SCV  
  20  1:43  Barracks  
  21  1:54  SCV  
  22  2:05  Marine  
  22  2:06  Orbital Command  
  23  2:12  Orbital Command  
  23  2:17  Marine  
  24  2:23  Marine  
  25  2:30  Marine  
  25  2:32  SCV  
  25  2:34  Refinery x2, Marine  
  28  2:38  SCV  
  28  2:41  Marine  
  31  2:44  SCV  
  31  2:47  Supply Depot  
  31  2:48  Marine  
  32  2:52  Marine, SCV  
  32  2:58  SCV  
  35  2:59  Marine  
  35  3:04  SCV  
  37  3:11  SCV  
  38  3:13  Marine, Barracks Tech Lab  
  38  3:16  SCV  
  38  3:17  Marine  
  38  3:19  Supply Depot  
  41  3:26  SCV  
  42  3:28  SCV  
  42  3:30  Marine  
  42  3:31  Marine  
  42  3:32  Supply Depot, Stimpack  
  44  3:35  Marine  
  44  3:38  SCV  
  44  3:41  SCV  
  47  3:48  Marine  
  47  3:49  Marine  
  47  3:50  SCV  
  47  3:52  Engineering Bay, Marine  
  47  3:53  SCV  
  52  4:02  SCV  
  53  4:03  Supply Depot  
  53  4:05  SCV  
  53  4:06  Marine  
  53  4:07  Refinery, Marine  
  56  4:10  Marine  
  56  4:14  SCV  
  56  4:15  Factory  
  56  4:24  Marine  
  56  4:25  Marine, SCV  
  56  4:26  SCV  
  56  4:28  Marine  
  56  4:30  Missile Turret  
  61  4:33  Terran Infantry Weapons Level 1  
  61  4:37  SCV  
  62  4:41  Supply Depot, SCV  
  62  4:43  Marine  
  65  4:47  Missile Turret  
  65  4:49  SCV  
  66  4:55  Barracks Reactor, Barracks Tech Lab  
  66  4:59  Starport, SCV  
  66  5:02  SCV  
  66  5:03  Factory Reactor  
  64  5:11  SCV  
  66  5:14  SCV  
  66  5:20  Marauder  
  68  5:24  Refinery, SCV  
  69  5:28  Command Center  
  69  5:32  Marine  
  69  5:33  Marine, Marauder  
  73  5:43  Supply Depot  
  73  5:45  Supply Depot  
  73  5:51  Barracks  
  73  5:52  Barracks, SCV x2  
  77  5:58  Medivac  
  77  6:02  Supply Depot, Medivac  
  77  6:04  SCV  
  80  6:05  SCV  
  80  6:08  Marine  
  80  6:11  Combat Shields  
  86  6:12  Liberator  
  86  6:14  Liberator  
  86  6:16  SCV  
  86  6:17  SCV  
  88  6:23  Concussive Shells  
  88  6:24  Supply Depot  
  88  6:27  Terran Infantry Armor Level 1  
  88  6:29  Missile Turret  
  88  6:31  SCV x2  
  92  6:40  Barracks Tech Lab  
  92  6:41  Barracks Reactor  
  92  6:43  SCV  
  92  6:44  SCV  
  94  6:47  Starport  
  94  6:51  Orbital Command  
  94  6:55  SCV  
  94  6:56  SCV  
  94  7:00  Fusion Core, Liberator  
  96  7:06  Marauder  
  96  7:07  SCV  
  96  7:08  Marine, SCV  
  100  7:09  Marauder  
  100  7:10  Liberator  
  100  7:13  Marauder  
  105  7:18  SCV  
  105  7:19  SCV  
  105  7:20  SCV  
  111  7:22  Refinery  
  111  7:29  Starport Tech Lab  
  114  7:30  SCV  
  114  7:34  Refinery  
  114  7:35  Marauder x2  
  119  7:37  Marine, Marauder  
  122  7:51  Barracks  
  122  7:52  Supply Depot, Barracks  
  122  7:53  Barracks  
  122  7:55  Supply Depot  
  122  7:56  Marauder  
  124  8:01  Marauder  
  124  8:02  Marine  
  124  8:03  Marine  
  124  8:04  Marine  
  133  8:20  Marine  
  133  8:21  Marauder  
  133  8:22  Marauder  
  141  8:33  Command Center  
  126  8:34  Engineering Bay  
  126  8:35  Armory  
  123  8:46  Medivac  
  123  8:47  Medivac x2  
  123  8:48  Marine x4, Marauder x2  
  134  8:49  Barracks Tech Lab  
  134  8:50  Barracks Reactor, Barracks Tech Lab  
  134  8:52  Ghost Academy  
  134  8:54  Marauder  
  138  9:05  Marine  
  138  9:06  Marine x2  
  138  9:07  Supply Depot  
  138  9:09  Supply Depot, Marauder x2  
  145  9:14  Supply Depot  
  145  9:18  Marauder  
  147  9:31  Viking  
  153  9:33  Viking x2, Ghost x2  
  153  9:35  Marine x2  
  159  9:42  Marauder  
  159  9:43  Marine  
  159  9:44  Marine  
  163  9:46  Marine  
  150  10:11  Viking x2  
  150  10:13  Marine x5  
  156  10:16  Terran Infantry Armor Level 2, Terran Infantry Weapons Level 2  
  151  10:33  Marauder  
  153  10:37  Marine, Marauder  
  153  10:40  Medivac x2, Planetary Fortress  
  153  10:41  Medivac  
  159  10:46  Ghost  
  163  10:50  Starport, Marauder  
  163  10:58  Ghost x2  
  167  11:09  Terran Ship Weapons Level 1  
  167  11:10  Viking x2  
  167  11:11  Viking, Ghost  
  173  11:16  Supply Depot  
  173  11:17  Supply Depot  
  175  11:19  Supply Depot  
  175  11:28  Starport Reactor  
  175  11:40  Viking x2  
  175  11:41  Viking  
  181  11:47  Ghost x2  
  181  11:48  Command Center  
  185  12:09  Liberator x5  
  187  12:44  Terran Infantry Weapons Level 3  
  187  12:46  Marine x11  
  198  13:04  Marine x3  
  198  13:05  Liberator x3  
  191  13:23  Ghost  
  200  13:41  Refinery  
  200  13:43  Refinery, Command Center x2  
  200  13:44  Command Center  
  178  14:03  SCV  
  178  14:04  SCV x3  
  179  14:14  Planetary Fortress  
  179  14:15  SCV  
  179  14:16  SCV x2  
  179  14:17  SCV  
  183  14:21  Refinery  
  183  14:24  Missile Turret x2  
  183  14:26  Refinery, Missile Turret  
  183  14:27  SCV  
  183  14:28  SCV x2, Ghost  
  183  14:29  SCV, Ghost x4  
  197  14:40  SCV x2  
  199  14:57  Ghost  
  200  15:00  Orbital Command  
  200  15:01  Orbital Command x2  
  199  15:20  Liberator x5  
  134  15:36  Ghost  
  128  15:51  Marine  
  128  15:52  Marine  
  128  15:53  Marine x8  
  123  16:05  Marine  
  123  16:09  Marine  
  123  16:10  Marine x4  
  123  16:11  Marine  
Tags
 
Add a new tag
Caveats
  • Supply blocks, unpowered buildings, or Contaminate may cause inaccurate times.
  • Supply counts are checked every 10 seconds.